SNL (28 & UNDER)
WEST VIRGINIA POWER @ SANTA FE DIABLOS
07/17/2024
 
TOP OF THE 1ST
West Virginia Power batting - Pitching for Santa Fe Diablos : RHP Tony Henderson
Pitching: RHP Tony Henderson
Batting: RHB Luis Encarnación 0-0: Called Strike
0-1: Foul Ball, location: 2F
0-2: Strikes out looking
Batting: RHB Alfonso Huertas 0-0: Ball
1-0: Ball
2-0: Called Strike
2-1: Foul Ball, location: 2F
2-2: Ball
3-2: Base on Balls
Batting: LHB Fernando Ortíz 0-0: Called Strike
0-1: Ball
1-1: Ball
Alfonso Huertas steals 2nd base
2-1: Foul Ball, location: 2F
2-2: Fly out, F8 (Flyball, 8LD)
Runner from 2nd tags up, SAFE at 3rd, no throw
Batting: LHB Pablo Reyes 0-0: Ball
1-0: Ball
2-0: Fly out, F6 (Popup, 56D)
Top of the 1st over - 0 run(s), 0 hit(s), 0 error(s), 1 left on base; West Virginia 0 - Santa Fe 0
BOTTOM OF THE 1ST
Santa Fe Diablos batting - Pitching for West Virginia Power : RHP Raúl Ruíz
Pitching: RHP Raúl Ruíz
Batting: RHB Emílio Bruno 0-0: Fly out, F8 (Flyball, 8RM)
Batting: RHB Michael Anderson 0-0: Called Strike
0-1: Ground out 4-3 (Groundball, 4M)
Batting: SHB António Hernández 0-0: Called Strike
0-1: Ball
1-1: Foul Ball, location: 2F
1-2: Ball
2-2: Ball
3-2: Fly out, F7 (Flyball, 7M)
Bottom of the 1st over - 0 run(s), 0 hit(s), 0 error(s), 0 left on base; West Virginia 0 - Santa Fe 0
TOP OF THE 2ND
West Virginia Power batting - Pitching for Santa Fe Diablos : RHP Tony Henderson
Batting: SHB Edward Bartlett 0-0: Swinging Strike
0-1: Fly out, F7 (Line Drive, 7S)
Batting: RHB Gonzalo Gil 0-0: Fly out, F9 (Flyball, 89M)
Batting: RHB Ben Dougherty 0-0: Called Strike
0-1: Called Strike
0-2: Fly out, F9 (Flyball, 9D)
Top of the 2nd over - 0 run(s), 0 hit(s), 0 error(s), 0 left on base; West Virginia 0 - Santa Fe 0
BOTTOM OF THE 2ND
Santa Fe Diablos batting - Pitching for West Virginia Power : RHP Raúl Ruíz
Batting: RHB Robinson Pacheco 0-0: Called Strike
0-1: Ground out 5-3 (Groundball, 56S)
Batting: LHB Don Soper 0-0: Ball
1-0: SINGLE (Groundball, 6MD)
Batting: RHB Ray Davis 0-0: Called Strike
0-1: DOUBLE (Line Drive, 7D)
Don Soper to third
Batting: RHB Bill Finley 0-0: Ball
1-0: Called Strike
1-1: Ball
2-1: SINGLE (Line Drive, 8LS)
Don Soper scores
Ray Davis to third
Runner from 3rd tries for Home, SAFE, no throw or cutoff
Batting: RHB Jorge Rodríguez 0-0: Called Strike
0-1: Swinging Strike
0-2: Ball
1-2: Ball
2-2: Ball
3-2: Base on Balls
Bill Finley to second
Batting: SHB Ángel Díaz 0-0: Ball
1-0: Ball
2-0: Foul Ball, location: 2F
2-1: Swinging Strike
2-2: Strikes out looking
Batting: RHB Emílio Bruno 0-0: Fly out, F8 (Flyball, 8LM)
Bottom of the 2nd over - 2 run(s), 3 hit(s), 0 error(s), 2 left on base; West Virginia 0 - Santa Fe 2
TOP OF THE 3RD
West Virginia Power batting - Pitching for Santa Fe Diablos : RHP Tony Henderson
Batting: RHB Will Lott 0-0: Ball
1-0: Ball
2-0: Ball
3-0: Base on Balls
Batting: RHB Brett Bell 0-0: Fly out, F6 (Popup, 6D)
Batting: RHB Luis Encarnación 0-0: Called Strike
0-1: Foul Ball, location: 2F
0-2: Foul Ball, location: 2F
0-2: Ball
1-2: Ground out 4-3 (Groundball, 4M)
Will Lott to second
Batting: RHB Alfonso Huertas 0-0: Fly out, F6 (Popup, 6M)
Top of the 3rd over - 0 run(s), 0 hit(s), 0 error(s), 1 left on base; West Virginia 0 - Santa Fe 2
BOTTOM OF THE 3RD
Santa Fe Diablos batting - Pitching for West Virginia Power : RHP Raúl Ruíz
Batting: RHB Michael Anderson 0-0: Ball
1-0: Foul Ball, location: 2F
1-1: SINGLE (Line Drive, 34)
Batting: SHB António Hernández 0-0: Fielders Choice at 2nd, 4-6 (Groundball, 4M)
Batting: RHB Robinson Pacheco 0-0: Ball
1-0: Foul Ball, location: 2F
1-1: Foul Ball, location: 2F
1-2: Foul Ball, location: 2F
1-2: Foul Ball, location: 2F
1-2: Grounds into double play, 5-4-3 (Groundball, 56)
Bottom of the 3rd over - 0 run(s), 1 hit(s), 0 error(s), 0 left on base; West Virginia 0 - Santa Fe 2
TOP OF THE 4TH
West Virginia Power batting - Pitching for Santa Fe Diablos : RHP Tony Henderson
Batting: LHB Fernando Ortíz 0-0: Ball
1-0: Ball
2-0: Ball
3-0: Base on Balls
Batting: LHB Pablo Reyes 0-0: Called Strike
0-1: DOUBLE (Line Drive, 7LM)
Fernando Ortíz to third
Runner from 3rd tries for Home, SAFE, no throw or cutoff
Batting: SHB Edward Bartlett 0-0: Called Strike
0-1: Ball
1-1: Ball
2-1: Swinging Strike
Passed Ball!
Pablo Reyes to third
2-2: Fly out, F8 (Flyball, 8LM)
Runner from 3rd tags up, SCORES, throw made
Batting: RHB Gonzalo Gil 0-0: Ball
1-0: Swinging Strike
1-1: Ball
2-1: Foul Ball, location: 2F
2-2: Ball
3-2: Strikes out swinging
Batting: RHB Ben Dougherty 0-0: Ball
1-0: Ball
2-0: Foul Ball, location: 2F
2-1: Ground out 6-3 (Groundball, 6)
Top of the 4th over - 2 run(s), 1 hit(s), 0 error(s), 0 left on base; West Virginia 2 - Santa Fe 2
BOTTOM OF THE 4TH
Santa Fe Diablos batting - Pitching for West Virginia Power : RHP Raúl Ruíz
Batting: LHB Don Soper 0-0: Ground out 3-1 (Groundball, 34)
Batting: RHB Ray Davis 0-0: Ball
1-0: Swinging Strike
1-1: Fly out, F8 (Flyball, 8LM)
Batting: RHB Bill Finley 0-0: Ball
1-0: SINGLE (Groundball, 6MD) (infield hit)
Batting: RHB Jorge Rodríguez 0-0: Ball
1-0: Called Strike
1-1: Ball
2-1: SINGLE (Line Drive, 89S)
Bill Finley to second
Batting: SHB Ángel Díaz 0-0: Called Strike
0-1: SINGLE (Groundball, 34D)
Bill Finley to third
Jorge Rodríguez to second
Runner from 3rd tries for Home, SAFE, no throw or cutoff
Batting: RHB Emílio Bruno 0-0: Swinging Strike
0-1: Called Strike
0-2: Ball
1-2: Fielders Choice at 2nd, U6 (Groundball, 6M)
Bottom of the 4th over - 1 run(s), 3 hit(s), 0 error(s), 2 left on base; West Virginia 2 - Santa Fe 3
TOP OF THE 5TH
West Virginia Power batting - Pitching for Santa Fe Diablos : RHP Tony Henderson
Batting: RHB Will Lott 0-0: Ball
1-0: Called Strike
1-1: Swinging Strike
1-2: Foul Ball, location: 2F
1-2: Strikes out swinging
Batting: RHB Brett Bell 0-0: Fly out, F3 (Popup, 3SF)
Batting: RHB Luis Encarnación 0-0: SINGLE (Line Drive, 8RS)
Batting: RHB Alfonso Huertas 0-0: Ball
Luis Encarnación is caught stealing 2nd base
Top of the 5th over - 0 run(s), 1 hit(s), 0 error(s), 0 left on base; West Virginia 2 - Santa Fe 3
BOTTOM OF THE 5TH
Santa Fe Diablos batting - Pitching for West Virginia Power : RHP Raúl Ruíz
Batting: RHB Michael Anderson 0-0: Ball
1-0: Called Strike
1-1: Called Strike
1-2: Ball
2-2: Foul Ball, location: 2F
2-2: Strikes out looking
Batting: SHB António Hernández 0-0: Ball
1-0: Called Strike
1-1: Called Strike
1-2: Ball
2-2: Ground out 5-3 (Groundball, 56)
Batting: RHB Robinson Pacheco 0-0: Called Strike
0-1: Swinging Strike
0-2: Ball
1-2: Fly out, F4 (Popup, 4)
Bottom of the 5th over - 0 run(s), 0 hit(s), 0 error(s), 0 left on base; West Virginia 2 - Santa Fe 3
TOP OF THE 6TH
West Virginia Power batting - Pitching for Santa Fe Diablos : RHP Tony Henderson
Batting: RHB Alfonso Huertas 0-0: Called Strike
0-1: Foul Ball, location: 2F
0-2: Strikes out looking
Batting: LHB Fernando Ortíz 0-0: Ball
1-0: Foul Ball, location: 2F
1-1: Ball
2-1: Swinging Strike
2-2: Foul Ball, location: 2F
2-2: Ball
3-2: Foul Ball, location: 2F
3-2: Foul Ball, location: 2F
3-2: Base on Balls
Batting: LHB Pablo Reyes 0-0: Swinging Strike
0-1: Ball
1-1: Ball
2-1: Foul Ball, location: 2F
2-2: Ball
3-2: Base on Balls
Fernando Ortíz to second
Batting: SHB Edward Bartlett 0-0: TRIPLE (Line Drive, 8LM)
Fernando Ortíz scores
Pablo Reyes scores
Batting: RHB Gonzalo Gil 0-0: Ball
1-0: Called Strike
1-1: Called Strike
1-2: Foul Ball, location: 2F
1-2: Ball
2-2: Foul Ball, location: 2F
2-2: Ball
3-2: Base on Balls
Batting: RHB Ben Dougherty 0-0: Ball
1-0: Swinging Strike
1-1: Ball
2-1: Swinging Strike
2-2: Foul Ball, location: 2F
2-2: Foul Ball, location: 2F
2-2: SINGLE (Groundball, 23) (infield hit)
Gonzalo Gil to second
Pitching: LHP Daniel Draper
Batting: RHB Will Lott 0-0: Ball
1-0: Foul Ball, location: 2F
1-1: Swinging Strike
1-2: Strikes out swinging
Batting: RHB Brett Bell 0-0: Ball
1-0: Ball
2-0: Ball
3-0: Base on Balls
Edward Bartlett scores
Gonzalo Gil to third
Ben Dougherty to second
Batting: RHB Luis Encarnación 0-0: Foul Ball, location: 2F
0-1: Ground out 5-3 (Groundball, 5)
Top of the 6th over - 3 run(s), 2 hit(s), 0 error(s), 3 left on base; West Virginia 5 - Santa Fe 3
BOTTOM OF THE 6TH
Santa Fe Diablos batting - Pitching for West Virginia Power : RHP Raúl Ruíz
Batting: LHB Don Soper 0-0: Swinging Strike
0-1: Ball
1-1: Fly out, F5 (Line Drive, 56)
Batting: RHB Ray Davis 0-0: Fly out, F7 (Flyball, 7D)
Batting: RHB Bill Finley 0-0: Ball
1-0: Ground out 6-3 (Groundball, 6M)
Bottom of the 6th over - 0 run(s), 0 hit(s), 0 error(s), 0 left on base; West Virginia 5 - Santa Fe 3
TOP OF THE 7TH
West Virginia Power batting - Pitching for Santa Fe Diablos : LHP Daniel Draper
Batting: RHB Alfonso Huertas 0-0: Ball
1-0: SINGLE (Line Drive, 6M)
Batting: LHB Fernando Ortíz 0-0: Called Strike
0-1: Ball
1-1: Ball
2-1: Fly out, F7 (Flyball, 7S)
Batting: LHB Pablo Reyes 0-0: Called Strike
Alfonso Huertas steals 2nd base
0-1: Called Strike
0-2: Ball
1-2: Strikes out swinging
Batting: SHB Edward Bartlett 0-0: Called Strike
0-1: Ball
1-1: Ball
2-1: Ball
3-1: Base on Balls
Batting: RHB Gonzalo Gil 0-0: Fly out, F7 (Flyball, 7LM)
Top of the 7th over - 0 run(s), 1 hit(s), 0 error(s), 2 left on base; West Virginia 5 - Santa Fe 3
BOTTOM OF THE 7TH
Santa Fe Diablos batting - Pitching for West Virginia Power : RHP Raúl Ruíz
Batting: RHB Jorge Rodríguez 0-0: SINGLE (Groundball, 5)
Batting: SHB Ángel Díaz 0-0: Ball
1-0: Ball
2-0: Ball
3-0: Base on Balls
Jorge Rodríguez to second
Batting: RHB Emílio Bruno 0-0: Ball
1-0: Grounds into double play, 6-4-3 (Groundball, 6)
Jorge Rodríguez to third
Pitching: LHP John Helms
Batting: RHB Michael Anderson 0-0: Ball
1-0: Called Strike
1-1: Ball
2-1: Called Strike
2-2: DOUBLE (Flyball, 8LD)
Jorge Rodríguez scores
Batting: SHB António Hernández 0-0: Ball
1-0: Ball
2-0: Fly out, F9 (Flyball, 9LMF)
Bottom of the 7th over - 1 run(s), 2 hit(s), 0 error(s), 1 left on base; West Virginia 5 - Santa Fe 4
TOP OF THE 8TH
West Virginia Power batting - Pitching for Santa Fe Diablos : LHP Daniel Draper
Batting: RHB Ben Dougherty 0-0: SINGLE (Groundball, 56D)
Batting: RHB Will Lott 0-0: Ball
1-0: SINGLE (Groundball, 6MD)
Ben Dougherty to second
Batting: RHB Brett Bell 0-0: Ball
1-0: Sac Bunt - play at first, batter OUT! 1-4
Ben Dougherty to third
Will Lott to second
Pitching: RHP David Sheppard
Pinch Hitting: LHB Jesús Ángel 0-0: Ball
1-0: Called Strike
1-1: Ball
2-1: Foul Ball, location: 2F
2-2: DOUBLE (Line Drive, 89XD)
Ben Dougherty scores
Will Lott scores
Batting: RHB Alfonso Huertas 0-0: Ball
1-0: Foul Ball, location: 2F
1-1: Ground out 6-3 (Groundball, 6M)
Jesús Ángel to third
Batting: LHB Fernando Ortíz 0-0: Called Strike
0-1: Ball
1-1: Ball
2-1: Ball
3-1: Base on Balls
Batting: LHB Pablo Reyes 0-0: Ball
1-0: Called Strike
1-1: Called Strike
1-2: Strikes out swinging
Top of the 8th over - 2 run(s), 3 hit(s), 0 error(s), 2 left on base; West Virginia 7 - Santa Fe 4
BOTTOM OF THE 8TH
Santa Fe Diablos batting - Pitching for West Virginia Power : LHP John Helms
Now in LF: Jesús Ángel
Now in CF: Luis Pérez
Batting: RHB Robinson Pacheco 0-0: Foul Ball, location: 2F
0-1: Ball
1-1: Ball
2-1: Fly out, F8 (Flyball, 8LXD)
Batting: LHB Don Soper 0-0: Ball
1-0: SINGLE (Line Drive, 89S)
Batting: RHB Ray Davis 0-0: Foul Ball, location: 2F
0-1: Ball
1-1: Ball
2-1: Foul Ball, location: 2F
2-2: Ball
3-2: Strikes out looking
Batting: RHB Bill Finley 0-0: Ball
1-0: Fly out, F9 (Flyball, 9M)
Bottom of the 8th over - 0 run(s), 1 hit(s), 0 error(s), 1 left on base; West Virginia 7 - Santa Fe 4
TOP OF THE 9TH
West Virginia Power batting - Pitching for Santa Fe Diablos : RHP David Sheppard
Batting: SHB Edward Bartlett 0-0: Called Strike
0-1: Swinging Strike
0-2: Strikes out swinging
Batting: RHB Gonzalo Gil 0-0: Swinging Strike
0-1: Ball
1-1: Ball
2-1: Foul Ball, location: 2F
2-2: Strikes out swinging
Batting: RHB Ben Dougherty 0-0: Called Strike
0-1: Swinging Strike
0-2: Ground out 6-3 (Groundball, 6M)
Top of the 9th over - 0 run(s), 0 hit(s), 0 error(s), 0 left on base; West Virginia 7 - Santa Fe 4
BOTTOM OF THE 9TH
Santa Fe Diablos batting - Pitching for West Virginia Power : LHP John Helms
Now at 1B: Vicente Torres
Now at 3B: Ron Guillén
Batting: RHB Jorge Rodríguez 0-0: Called Strike
0-1: Fly out, F8 (Line Drive, 8LS)
Batting: SHB Ángel Díaz 0-0: Ball
1-0: Ball
2-0: Ball
3-0: Called Strike
3-1: Base on Balls
Batting: RHB Emílio Bruno 0-0: Ball
1-0: Called Strike
1-1: 2-RUN HOME RUN (Flyball, 89XD), Distance : 393 ft
Batting: RHB Michael Anderson 0-0: Fly out, F8 (Flyball, 8RD)
Batting: SHB António Hernández 0-0: Ball
1-0: Ball
2-0: Fly out, F8 (Popup, 4MD)
Bottom of the 9th over - 2 run(s), 1 hit(s), 0 error(s), 0 left on base; West Virginia 7 - Santa Fe 6
This league is powered by Out of the Park Baseball, the baseball management simulation game for PC, Mac and Linux
Saturday, April 9th, 2016 - OOTP Baseball 16.8 Build 38